Map: Prion Terraces

Players

Hindulaatti

  • Race: Terran Terran
  • League: Diamond

Gekko - Winner!

  • Race: Zerg Zerg
  • League: Diamond

VOD

Have the link to the VOD?

Description

Time

  • Played on: Jan. 26, 2016, 4:20 a.m.
  • Length: 18:14
Show
View Real Time Build Order
Export as new Build Order

Hindulaatti Terran 

Build Orders: Reaper Expand, MMM Bio 

Get SALT Encoding   

  12  0:01  SCV  
  13  0:13  SCV  
  14  0:27  Supply Depot, SCV  
  15  0:32  Refinery  
  15  0:49  SCV  
  16  0:53  Barracks  
  16  1:01  SCV  
  17  1:18  SCV  
  18  1:34  Command Center, SCV  
  19  1:41  Reaper  
  20  1:49  Orbital Command  
  20  2:03  Supply Depot  
  20  2:08  Factory  
  20  2:14  SCV  
  21  2:18  Marine  
  22  2:30  Bunker, SCV  
  22  2:35  Refinery  
  22  2:36  Marine  
  24  2:42  SCV  
  25  2:55  SCV  
  25  2:57  Factory Tech Lab  
  26  3:07  Barracks Reactor  
  26  3:11  Supply Depot  
  26  3:14  SCV  
  27  3:21  Barracks x2  
  27  3:26  SCV  
  29  3:35  Orbital Command  
  29  3:39  SCV  
  29  3:50  Marine x2  
  29  3:51  SCV  
  31  4:03  Supply Depot, SCV  
  31  4:05  Siege Tank  
  31  4:07  SCV  
  36  4:11  Barracks Tech Lab, Barracks Reactor  
  36  4:12  Marine x2  
  36  4:15  SCV  
  39  4:19  SCV  
  40  4:27  SCV  
  40  4:30  Stimpack  
  40  4:31  SCV  
  42  4:40  Refinery, SCV  
  42  4:41  Siege Tank  
  42  4:43  SCV  
  42  4:45  Starport, Marauder  
  49  4:48  Supply Depot  
  49  4:52  Marine x2, SCV  
  50  4:58  SCV  
  53  5:04  SCV  
  56  5:07  Marauder  
  56  5:11  SCV  
  56  5:13  Supply Depot  
  56  5:14  Marine x3  
  57  5:16  SCV  
  57  5:21  Supply Depot  
  61  5:23  SCV  
  61  5:25  Supply Depot  
  61  5:28  Supply Depot, SCV, Marauder  
  65  5:32  Medivac  
  65  5:35  Marine x2  
  67  5:38  SCV  
  67  5:40  SCV  
  67  5:42  Engineering Bay  
  71  5:49  Marauder  
  73  5:50  SCV  
  73  5:51  Engineering Bay  
  73  5:52  SCV  
  75  5:58  Marine x4  
  75  6:03  Siege Tank  
  82  6:11  Marauder  
  84  6:16  Marine  
  85  6:18  SCV x2  
  85  6:19  Terran Infantry Weapons Level 1  
  85  6:20  Terran Infantry Armor Level 1  
  85  6:24  Medivac  
  89  6:30  SCV  
  89  6:31  Starport, SCV  
  91  6:36  Marauder, Marine x4  
  97  6:42  SCV  
  97  6:43  SCV  
  97  6:44  Siege Tank  
  102  6:54  Marine  
  99  6:55  SCV x2  
  102  7:10  Starport Reactor  
  102  7:13  Combat Shields, Starport Reactor, Barracks  
  102  7:16  Barracks  
  102  7:18  Supply Depot  
  102  7:21  Supply Depot  
  102  7:23  Marauder, Marine x4, SCV x2  
  110  7:39  SCV x2  
  110  7:41  Marine x3  
  100  7:45  Marauder  
  100  7:46  Marine  
  100  7:47  Siege Tank  
  97  7:51  SCV x2  
  96  7:58  Marine x3  
  96  8:03  Medivac, SCV  
  96  8:04  Marine  
  103  8:06  Marauder  
  103  8:09  Barracks Reactor  
  103  8:10  Barracks Tech Lab  
  105  8:16  Marine  
  105  8:17  Refinery  
  105  8:19  Siege Tank  
  109  8:22  Supply Depot x2  
  109  8:24  Supply Depot  
  109  8:28  Marauder  
  111  8:34  Marine  
  111  8:35  Marine x4  
  111  8:37  Medivac x2  
  120  8:48  Marine  
  120  8:52  Liberator, Marine x2  
  120  8:53  Marine x5  
  124  9:06  Marine  
  124  9:08  Siege Tank  
  131  9:10  Marine x2  
  121  9:30  Marine x3  
  121  9:31  Marauder, Marine x3  
  124  9:38  Liberator  
  121  9:45  Missile Turret  
  121  9:46  Missile Turret  
  121  9:49  Missile Turret  
  121  9:50  Command Center, Missile Turret, Supply Depot  
  121  9:52  Missile Turret x2  
  121  9:53  Missile Turret  
  121  9:54  Missile Turret  
  124  10:05  Supply Depot  
  124  10:16  Refinery  
  124  10:20  Supply Depot, Refinery  
  124  10:21  Supply Depot x2  
  124  10:25  Liberator x2  
  124  10:26  Concussive Shells  
  124  10:27  Marauder, Marine x4  
  124  10:28  Marauder, Marine  
  132  10:30  Marine  
  139  10:45  SCV x2  
  141  10:51  Marine x4  
  145  10:59  Missile Turret  
  145  11:04  Armory  
  142  11:15  Liberator  
  142  11:16  Liberator  
  142  11:18  Orbital Command, SCV x2  
  143  11:29  Marine  
  143  11:30  Marine x4, SCV x2  
  142  11:42  SCV x2  
  144  11:50  Marine x7  
  144  11:51  Marine  
  149  11:54  SCV  
  118  12:08  Marine x7  
  118  12:09  Marauder  
  118  12:10  Siege Tank  
  118  12:13  Medivac x2  
  118  12:15  Medivac  
  135  12:16  Terran Infantry Weapons Level 2  
  135  12:32  Marauder x2, Marine x2  
  135  12:34  Marine  
  142  12:40  Liberator x2  
  142  12:51  Command Center  
  142  12:53  Marauder x2  
  142  12:56  Orbital Command  
  142  12:57  Liberator  
  152  13:12  Marine x2  
  152  13:13  Marine x4  
  152  13:17  Siege Tank  
  164  13:35  Liberator x2  
  164  13:45  Refinery x2  
  164  13:47  Missile Turret x2  
  155  13:53  Marine x8  
  169  13:56  Thor  
  172  14:10  Marine  
  172  14:11  Marine x2  
  150  14:27  Marauder, Marine x4  
  150  14:28  Marine  
  150  14:29  Marine x2  
  150  14:30  Orbital Command  
  159  14:40  Barracks  
  159  14:41  Medivac x3  
  159  14:42  Medivac, Barracks  
  159  14:45  Marine x3, Barracks  
  170  14:46  Marauder, Marine, Barracks  
  170  14:47  Marine x2  
  170  14:49  Marauder  
  177  15:02  Marine, Barracks  
  177  15:03  Barracks  
  178  15:10  Command Center  
  178  15:17  Terran Infantry Weapons Level 3, Terran Infantry Armor Level 2  
  178  15:23  Marine x8  
  178  15:24  Liberator x2  
  186  15:35  Barracks Tech Lab x2  
  186  15:36  Barracks Tech Lab  
  186  15:40  Marine  
  186  15:41  Marine x7  
  186  15:42  Barracks Reactor  
  200  15:45  Refinery  
  200  15:47  Refinery  
  179  16:19  Marine  
  179  16:21  Marauder x5, Marine x2  
  179  16:22  Marine x7  
  162  16:36  Orbital Command  
  162  16:37  Marine  
  162  16:39  Marine x7  
  165  16:42  Marauder  
  173  16:51  Marauder x3  
  173  16:52  Marauder  
  182  16:55  Barracks Tech Lab, Marine  
  182  16:56  Barracks Reactor  
  182  16:57  Marine x7  
  188  17:03  Marauder  
  190  17:12  Marauder, Missile Turret x2  
  190  17:13  Marauder x3  
  198  17:25  Marauder  
  200  17:35  Barracks Reactor  
  200  17:58  Ghost Academy  
Show
View Real Time Build Order
Export as new Build Order

Gekko Zerg - Winner!

Build Orders: Hatch First, Muta Ling Bane 

Get SALT Encoding   

  12  0:01  Drone  
  13  0:12  Overlord  
  13  0:17  Drone  
  14  0:30  Drone x2  
  14  0:34  Drone  
  17  0:55  Hatchery  
  16  0:57  Drone  
  16  1:01  Drone  
  18  1:10  Drone, Extractor  
  18  1:24  Drone  
  18  1:25  Spawning Pool  
  18  1:33  Drone  
  19  1:40  Overlord  
  19  1:49  Drone  
  19  2:09  Drone x2  
  19  2:10  Drone  
  19  2:12  Queen  
  19  2:13  Queen  
  26  2:19  Metabolic Boost  
  26  2:23  Zergling x2  
  26  2:27  Zergling x2  
  29  2:30  Drone  
  29  2:32  Drone  
  30  2:39  Drone  
  30  2:42  Extractor  
  31  2:53  Queen x2  
  31  2:56  Overlord  
  35  2:59  Drone  
  36  3:23  Drone x5  
  36  3:26  Overlord  
  41  3:30  Hatchery  
  40  3:43  Drone x4  
  40  3:45  Drone x2  
  46  3:59  Drone x2  
  48  4:15  Spore Crawler  
  46  4:18  Extractor x2  
  43  4:24  Drone x3  
  43  4:25  Drone x3, Evolution Chamber x2  
  43  4:26  Baneling Nest  
  43  4:30  Drone x2  
  48  4:40  Overlord x3  
  48  4:42  Drone  
  48  4:45  Lair, Extractor  
  49  4:47  Drone x2  
  49  4:50  Overlord  
  50  4:58  Overlord x2  
  51  5:07  Zergling x12  
  56  5:15  Drone x2  
  56  5:16  Drone x2  
  56  5:19  Drone  
  56  5:20  Drone  
  62  5:25  Drone x2  
  62  5:26  Drone  
  65  5:28  Zerg Melee Weapons Level 1  
  65  5:29  Zerg Ground Armor Level 1  
  65  5:33  Drone x3  
  65  5:34  Drone x2  
  70  5:44  Drone x2  
  70  5:47  Drone x4  
  70  5:48  Drone  
  77  5:51  Extractor x2  
  77  5:52  Spore Crawler  
  77  5:54  Spine Crawler  
  77  5:55  Spore Crawler  
  72  5:57  Spine Crawler  
  72  5:58  Centrifical Hooks  
  71  6:05  Zergling x8  
  71  6:06  Zergling x4  
  77  6:11  Drone  
  77  6:12  Drone, Spire  
  77  6:14  Drone  
  79  6:23  Drone x3  
  82  6:37  Zergling x16  
  88  6:52  Baneling x5  
  88  6:53  Zergling x2, Baneling x2  
  90  6:54  Zergling x2  
  90  6:56  Overlord x3  
  90  6:58  Baneling x5  
  90  7:10  Overlord x2  
  90  7:23  Zergling x20  
  98  7:44  Mutalisk x6  
  91  7:48  Hatchery  
  87  7:59  Zergling x2  
  87  8:00  Zergling x16  
  87  8:03  Baneling  
  93  8:06  Mutalisk  
  95  8:15  Zergling x2  
  95  8:16  Zergling x6  
  95  8:17  Baneling  
  95  8:18  Baneling  
  99  8:35  Zergling x2  
  99  8:36  Zergling x14  
  107  8:45  Baneling x4  
  105  9:04  Zergling x2  
  105  9:05  Zergling x20  
  105  9:07  Queen  
  118  9:15  Queen  
  108  9:29  Extractor  
  102  9:31  Extractor  
  102  9:35  Drone x2  
  102  9:36  Drone x2  
  105  9:40  Baneling x3  
  105  9:41  Zergling x26  
  105  9:42  Zergling x2  
  119  9:52  Mutalisk  
  119  9:53  Mutalisk x3  
  127  10:00  Overlord x2  
  127  10:01  Overlord  
  127  10:03  Spore Crawler  
  127  10:05  Spine Crawler  
  125  10:11  Infestation Pit  
  125  10:12  Zerg Ground Armor Level 2, Zerg Melee Weapons Level 2  
  124  10:14  Overlord x2  
  124  10:15  Overlord x3  
  124  10:28  Baneling x4  
  124  10:29  Zergling x2, Baneling  
  124  10:30  Zergling x18  
  134  10:39  Zergling x2  
  134  10:40  Zergling x6  
  139  10:50  Zergling x14  
  145  11:01  Zergling x6  
  145  11:02  Zergling x2  
  149  11:21  Drone x3  
  149  11:30  Baneling  
  149  11:31  Baneling x3  
  149  11:32  Baneling  
  142  11:33  Zergling x22  
  142  11:34  Zergling x8, Spine Crawler  
  156  11:40  Spine Crawler  
  156  11:43  Spore Crawler  
  154  11:50  Hatchery  
  111  12:06  Baneling x3  
  111  12:07  Baneling x2  
  111  12:08  Corruptor x5  
  111  12:10  Zergling x10  
  111  12:11  Zergling x22  
  137  12:23  Hive  
  137  12:25  Zerg Flyer Armor Level 1  
  137  12:26  Mutalisk x5  
  147  12:39  Corruptor x5  
  157  12:50  Overlord x2  
  157  13:02  Queen  
  159  13:14  Spore Crawler, Baneling x5  
  158  13:28  Zergling x6  
  158  13:29  Zergling x46  
  176  13:56  Baneling x3  
  176  13:57  Baneling x3  
  176  13:59  Zergling x14  
  176  14:00  Zergling x14  
  172  14:26  Drone  
  172  14:27  Drone x3  
  176  14:37  Drone x2  
  176  14:38  Drone  
  179  14:41  Spine Crawler  
  179  14:42  Spine Crawler  
  179  14:44  Spore Crawler  
  176  14:50  Ultralisk Cavern  
  176  14:51  Extractor  
  176  14:52  Adrenal Glands  
  174  14:54  Zerg Melee Weapons Level 3  
  174  14:55  Zerg Ground Armor Level 3  
  174  15:07  Baneling x7  
  174  15:12  Drone x3  
  177  15:16  Extractor  
  176  15:29  Hatchery  
  175  15:36  Chitinous Plating  
  175  15:39  Greater Spire  
  175  15:40  Ultralisk x2  
  187  15:44  Ultralisk  
  187  15:47  Viper  
  196  16:00  Baneling  
  196  16:01  Baneling x4  
  161  16:31  Corruptor x5  
  171  16:33  Baneling x5  
  171  16:34  Baneling x4  
  171  16:40  Viper  
  174  16:52  Drone x3  
  177  16:54  Drone x4  
  177  16:55  Drone x3  
  177  16:57  Spine Crawler x2  
  177  17:00  Spore Crawler  
  181  17:34  Baneling x2  
  181  17:35  Baneling  
  181  17:36  Zergling x22  
  181  17:37  Zergling x14  
Tags
 
Add a new tag
Caveats
  • Supply blocks, unpowered buildings, or Contaminate may cause inaccurate times.
  • Supply counts are checked every 10 seconds.